 Dungeon Crawl Stone Soup version 0.31-a0-83-gbff143cfd1 (webtiles) character file.

Game seed: 3959396692453109614

1199 senseless the Trooper (level 8, -2/81 (88) HPs)
             Began as an Ogre Warper on May 24, 2023.
             Was an Initiate of Cheibriados.
             Slain by a gnoll
             ... wielding a +0 flail
             ... led by a gnoll sergeant
              (3 damage)
             ... on level 5 of the Dungeon.
             The game lasted 00:17:09 (3981 turns).

senseless the Trooper (Ogre Warper)                 Turns: 3981, Time: 00:17:09

HP:   -2/81 (88)    AC:  5    Str: 19      XL:     8   Next: 44%
MP:   15/15         EV: 10    Int: 15      God:    Cheibriados [......]
Gold: 88            SH:  0    Dex:  8 (9)  Spells: 7/16 levels left

rFire   . . .        a - +2 mace (heavy)
rCold   . . .        (no shield)
rNeg    . . .        b - +0 robe
rPois   .            (helmet restricted)
rElec   .            x - +1 cloak
rCorr   .            (gloves unavailable)
SInv    +            (boots unavailable)
Will    .....        z - amulet of magic regeneration
Stlth   +            j - ring of see invisible
HPRegen 1.13/turn    (no ring)
MPRegen 0.54/turn

%: clarity
@: lethally poisoned (-2 -> -3), drained, very slow
A: large, unfitting armour, tough skin 1, horns 1, clarity, regeneration 1
a: Renounce Religion


You were on level 5 of the Dungeon.
You worshipped Cheibriados.
Cheibriados was noncommittal.
You visited 2 branches of the dungeon, and saw 6 of its levels.

You collected 268 gold pieces.
You spent 180 gold pieces at shops.

Inventory:

Hand Weapons
 a - a +2 heavy mace (weapon)
 g - a +0 giant club
 p - a +0 whip of electrocution
 u - a +2 sling of draining
 y - a +2 quarterstaff of chaos
Missiles
 d - 7 boomerangs of dispersal
 n - 6 javelins
 v - a throwing net
Armour
 b - a +0 robe (worn)
 x - a +1 cloak (worn)
Jewellery
 j - a ring of see invisible (left hand)
 z - an amulet of magic regeneration (around neck)
Wands
 i - a wand of paralysis (11)
 r - a wand of digging (8)
 w - a wand of flame (16) (quivered)
Scrolls
 c - a scroll of blinking
 k - 2 scrolls of vulnerability
Potions
 f - 2 potions of enlightenment
 h - 3 potions of mutation


   Skills:
 * Level 7.8 Fighting
 + Level 3.9 Maces & Flails
 - Level 1.0 Throwing
 + Level 4.0 Dodging
 + Level 4.8 Spellcasting
 + Level 4.3 Translocations
 + Level 1.8 Air Magic


You had 7 spell levels left.
You knew the following spells:

 Your Spells              Type           Power      Damage    Failure   Level
a - Blink                 Tloc           32%        N/A       4%          2
b - Vhi's Electric Charg  Tloc/Air       22%        N/A       19%         3
c - Manifold Assault      Tloc           16%        N/A       28%         4

Your spell library contained the following spells:

 Spells                   Type           Power      Damage    Failure   Level
 Lesser Beckoning         Tloc           32%        N/A       4%          2
 Teleport Other           Tloc           16%        N/A       9%          3
 Sandblast                Erth           6%         2d5       17%         1
 Passwall                 Tmut/Erth      0%         N/A       32%         2
 Stone Arrow              Conj/Erth      2%         3d7       54%         3
 Cause Fear               Hex            1%         N/A       86%         4
 Anguish                  Hex/Necr       0%         N/A       91%         4
 Enfeeble                 Hex            1%         N/A       100%        7


Dungeon Overview and Level Annotations

Branches:
Dungeon (5/15)             Temple (1/1) D:5

Altars:
Cheibriados
Dithmenos
Elyvilon
Fedhas
Gozag
Hepliaklqana
Kikubaaqudgha
Makhleb
Nemelex Xobeh
Okawaru
Qazlal
Ru
Sif Muna
Trog
Uskayaw
Vehumet
Wu Jian
Xom
Yredelemnul
Zin
The Shining One

Shops:
D:4 !


Innate Abilities, Weirdness & Mutations

You are too large for most types of armour.
You have tough skin. (AC +1)
You have a pair of small horns on your head.
You possess an exceptional clarity of mind.
Your natural rate of healing is unusually fast.


Message History

There is an open door here.
You feel sick. The gnoll hits you with a +0 flail.
* * * LOW HITPOINT WARNING * * *
The gnoll attacks as you move away! The gnoll hits you with a +0 flail!
* * * LOW HITPOINT WARNING * * *
You feel sick.
Okay, then.
You feel much better.
You feel sick. The gnoll hits you with a +0 flail.
You hit the gnoll.
The gnoll is moderately wounded.
You feel sick.
The gnoll sergeant hits you from afar with a +1 spear of venom.
The gnoll sergeant barely misses you. The gnoll closely misses you.
You feel sick.
You are no longer poisoned.
The gnoll sergeant hits you with a +1 spear of venom.
You are poisoned.
The gnoll hits you with a +0 club. The gnoll hits you with a +0 flail.
* * * LOW HITPOINT WARNING * * *
The gnoll hits you from afar with a +0 spear.
* * * LOW HITPOINT WARNING * * *
You thump the gnoll sergeant!
You kill the gnoll sergeant!
Cheibriados thoroughly appreciates the change of pace.
You feel very sick. The gnoll misses you. The gnoll barely misses you.
The gnoll closely misses you.
The gnoll hits you from afar with a +0 spear.
* * * LOW HITPOINT WARNING * * *
The gnoll barely misses you. The gnoll closely misses you.
You closely miss the gnoll.
The gnoll is moderately wounded.
You feel sick.
The gnoll hits you from afar with a +0 spear.
* * * LOW HITPOINT WARNING * * *
The gnoll barely misses you. The gnoll hits you with a +0 flail!
* * * LOW HITPOINT WARNING * * *
The gnoll hits you but does no damage. The gnoll hits you with a +0 flail.
You die...

.....##..##..#...
.................
......)......##..
#+####..##..####
#...##..##..##..
#...............
#####...........####
#.g.g...........##..
#.)@............#...
#g###...........#...
#..##'############'#
#g.##...##..###.##..
#gg.#.........#.....
#..##........>#.....
##..##...##...##'####
#...##...##...##.....
.....g.#....#...............


You could see 3 gnolls.

Vanquished Creatures
  Sigmund (D:4)
  An ogre (D:4)
  A gnoll sergeant (D:5)
  2 scorpions (D:5)
  6 wights
  A hound (D:4)
  A jelly (D:5)
  A gnoll bouda (D:3)
  Crazy Yiuf (D:3)
  An iguana (D:3)
  Robin (D:2)
  16 gnolls
  6 adders
  2 dart slugs (D:3)
  An orc (D:4)
  7 endoplasms
  4 giant cockroaches
  17 goblins
  7 hobgoblins
  3 jackals (D:5)
  11 kobolds
  5 quokkas
  6 ball pythons
  5 bats (D:1)
  2 frilled lizards
  6 rats
115 creatures vanquished.

Notes
Turn   | Place    | Note
-------+----------+-------------------------------------------
     0 | D:1      | senseless the Ogre Warper began the quest for the Orb.
     0 | D:1      | Reached XP level 1. HP: 22/22 MP: 3/3
    72 | D:1      | Reached skill level 3 in Fighting
    72 | D:1      | Reached XP level 2. HP: 7/31 MP: 5/5
    75 | D:1      | Learned a level 2 spell: Blink
   575 | D:1      | Reached XP level 3. HP: 37/37 MP: 7/7
  1466 | D:3      | Reached skill level 4 in Fighting
  1537 | D:3      | Reached XP level 4. HP: 48/48 MP: 8/8
  1582 | D:3      | Gained mutation: Your natural rate of healing is unusually
                  | fast. [potion of mutation]
  1582 | D:3      | Gained mutation: You have a pair of small horns on your
                  | head. [potion of mutation]
  1582 | D:3      | Gained mutation: You possess an exceptional clarity of
                  | mind. [potion of mutation]
  1586 | D:3      | Noticed Robin
  1669 | D:2      | Killed Robin
  1990 | D:3      | Found a runed translucent door.
  1991 | D:3      | Noticed Crazy Yiuf
  2068 | D:3      | HP: 2/49 [Crazy Yiuf/+2 quarterstaff of chaos (4)]
  2072 | D:3      | Killed Crazy Yiuf
  2073 | D:3      | Reached XP level 5. HP: 37/55 MP: 7/9
  2234 | D:2      | HP: 1/55 [gnoll/+0 club (4)]
  2281 | D:2      | Reached skill level 5 in Fighting
  2340 | D:3      | Reached XP level 6. HP: 48/66 MP: 11/11
  2481 | D:4      | Noticed Sigmund
  2490 | D:4      | Killed Sigmund
  2491 | D:4      | Reached skill level 6 in Fighting
  2491 | D:4      | Reached XP level 7. HP: 68/75 MP: 11/13
  2622 | D:4      | Learned a level 3 spell: Vhi's Electric Charge
  2627 | D:4      | Learned a level 4 spell: Manifold Assault
  2928 | D:4      | Found Mug Woe's Distillery.
  2933 | D:4      | Bought a potion of mutation for 80 gold pieces
  2933 | D:4      | Bought a potion of heal wounds for 50 gold pieces
  2933 | D:4      | Bought a potion of heal wounds for 50 gold pieces
  3291 | D:5      | Entered Level 5 of the Dungeon
  3415 | D:4      | Reached skill level 7 in Fighting
  3415 | D:4      | Reached skill level 1 in Air Magic
  3468 | D:5      | Reached XP level 8. HP: 28/68 MP: 14/14
  3664 | D:5      | Found a staircase to the Ecumenical Temple.
  3673 | Temple   | Entered the Ecumenical Temple
  3761 | Temple   | Became a worshipper of Cheibriados the Contemplative
  3981 | D:5      | HP: 1/81 [gnoll/+0 flail[a gnoll sergeant] (7)]
  3981 | D:5      | Slain by a gnoll

Illustrated notes

Levels and vault maps discovered:
D:1:      wander_arrival_peaceful_grave, layout_rooms
D:2:      layout_loops_ring, hangedman_feature_mirror
D:3:      layout_rooms, uniq_robin, uniq_crazy_yiuf_cottage
D:4:      layout_loops_ring, serial_shops, nicolae_shop_rolling_square,
          uniq_sigmund
D:5:      layout_gridville, minmay_temple_entry_statues_fountains
Temple:   compressed_dpeg_circular_temple

Skill      XL: |  1  2  3  4  5  6  7  8 |
---------------+-------------------------+-----
Fighting       | 3 4 5 6 7 |  7.8
Maces & Flails | 2 3 |  3.9
Translocations | 3 4 |  4.3
Spellcasting   | 3 4 |  4.8
Dodging        | 3 4 |  4.0
Air Magic      | 1 |  1.8
Throwing       | |  1.0

Action                     |  1- 3 |  4- 6 |  7- 9 || total
---------------------------+-------+-------+-------++-------
  Melee: Mace              |   144 |   115 |   107 ||   366
         Headbutt          |       |    18 |    12 ||    30
         Punch             |       |       |     1 ||     1
  Throw: Javelin           |       |     3 |       ||     3
   Cast: Blink             |       |       |     1 ||     1
  Evoke: Wand              |       |     6 |     1 ||     7
    Use: Scroll            |     4 |     6 |     2 ||    12
         Potion            |       |     4 |     9 ||    13
 Armour: Robe              |    52 |    47 |    29 ||   128
  Dodge: Dodged            |    97 |   129 |    90 ||   316

Table legend: (Time is in decaauts)
 A = Elapsed time spent in this place.
 B = Non-inter-level travel time spent in this place.
 C = Inter-level travel time spent in this place.
 D = Time resting spent in this place.
 E = Time spent auto-exploring this place.
 F = Levels seen in this place.
 G = Mean time per level.
                   A        B        C        D        E       F      G
               +--------+--------+--------+--------+--------+-----+--------+
         Total |   4286 |   4100 |    186 |    249 |   2654 |   6 |  714.3 |
       Dungeon |   4178 |   4025 |    153 |    249 |   2599 |   5 |  835.6 |
        Temple |    108 |     75 |     33 |      0 |     55 |   1 |  108.0 |
               +--------+--------+--------+--------+--------+-----+--------+

Top non-repeatable levels by time:
     D:4: 1008 daAuts
     D:2: 868 daAuts
     D:3: 864 daAuts
     D:1: 803 daAuts
     D:5: 633 daAuts
  Temple: 108 daAuts
